AoeStats
← bojanicviktor4

Marketplace

504296642Analyzed
1v1 RM · 28d ago on Sep 4, 2026· 22m 11s· 2 players
Game mode
Random Map
Map size
Tiny (2 player)
Population
200
Speed
Normal
Resources
Standard
Victory
Conquest
Starting age
Dark Age
Ending age
Imperial Age
RankedLock teamsTeams togetherTeam positionsShared explorationLock speedFull tech treeHidden civsTurbo modeCheats
Victory
Defeat
🇺🇸 Romans · United States
976
+15
🇷🇸 Slavs · Serbia
955
-44
bojanicviktor4
8:01 Loom
10:54 Feudal Age
13:22 Double-Bit Axe
15:51 Wheelbarrow
15:52 Horse Collar
KnucklePuckThyme
10:40 Feudal Age
11:30 Double-Bit Axe
14:08 Horse Collar
16:22 Loom
18:58 Castle Age
17:08 Stone Mining
19:28 Scale Mail Armor
19:39 Forging
20:15 Pikeman
Connection lost

Rejoining the realm…

Still unreachable

The connection could not be restored.

Session expired

The server has moved on; the page needs a fresh start.